 Dungeon Crawl Stone Soup version 0.32-a0-705-g60f2335 (webtiles) character file.

Game seed: 7412397599104969238

2879 Dorkslayer the Grappler (level 9, 0/59 HPs)
             Began as an Octopode Fighter on Mar 14, 2024.
             Was a Follower of Dithmenos.
             Slain by an orc wizard
             ... wielding a +0 dagger
              (2 damage)
             ... on level 7 of the Dungeon.
             The game lasted 00:21:37 (5507 turns).

Dorkslayer the Grappler (Octopode Fighter)          Turns: 5507, Time: 00:21:38

Health: 0/59       AC:  1    Str: 19    XL:     9   Next: 76%
Magic:  9/9        EV: 12    Int: 11    God:    Dithmenos [*.....]
Gold:   126        SH:  6    Dex: 11    Spells: 8/8 levels left

rFire   . .          .
                       - Unarmed
rCold   . . .        y - +2 buckler
rNeg    . . .        (helmet restricted)
rPois   +            (no amulet)
rElec   .            i - ring of resist corrosion
rCorr   +            k - ring of poison resistance
SInv    .            u - ring of flight
Will    .....        (no ring)
Stlth   +++++        (no ring)
HPRegen 0.29/turn    (no ring)
MPRegen 0.11/turn    (no ring)
                     (no ring)

%: no passive effects
@: flying, wreathed by umbra, invisible
A: almost no armour, amphibious, 8 rings, camouflage 1, gelatinous body 1,
(nimble swimmer 1), tentacles
a: Renounce Religion


You were on level 7 of the Dungeon.
You worshipped Dithmenos.
Dithmenos was aware of your devotion.
You visited 2 branches of the dungeon, and saw 8 of its levels.
You also visited: Bailey.

You collected 236 gold pieces.
You spent 110 gold pieces at shops.

Inventory:

Hand Weapons
 m - a +2 mace of protection
 t - a +4 heavy war axe
 C - a +2 trident of draining
Missiles
 b - 2 boomerangs
Armour
 y - a +2 buckler (worn)
Jewellery
 i - a ring of resist corrosion (left tentacle)
 k - a ring of poison resistance (right tentacle)
 u - a ring of flight (on tentacle)
Scrolls
 g - a scroll of blinking
 o - 2 scrolls of amnesia
 r - 2 scrolls of immolation
 v - 2 scrolls of teleportation
 w - 2 scrolls of fog
Potions
 a - a potion of brilliance {unknown}
 d - a potion of cancellation {unknown}
 f - a potion of resistance
 h - 5 potions of curing
 j - 3 potions of enlightenment
 n - a potion of attraction {unknown}
 q - a potion of mutation
 z - a potion of ambrosia {unknown}
 B - a potion of magic {unknown}


   Skills:
 + Level 4.3 Fighting
 * Level 3.6 Axes
 + Level 0.3 Throwing
 + Level 4.3 Dodging
 + Level 7.1 Stealth
 + Level 4.4 Shields
 * Level 9.4 Unarmed Combat
 * Level 4.1 Evocations


You had 8 spell levels left.
You didn't know any spells.
Your spell library contained the following spells:

 Spells                   Type           Power      Damage    Failure   Level
 Apportation              Tloc           0%         N/A       41%         1
 Foxfire                  Conj/Fire      0%         2x1d4     41%         1
 Necrotise                Necr           0%         1d4       41%         1
 Sting                    Conj/Alch      0%         1d3       41%         1
 Summon Small Mammal      Summ           0%         N/A       41%         1
 Anguish                  Hex/Necr       0%         N/A       99%         4
 Curse of Agony           Necr           0%         N/A       100%        5
 Plasma Beam              Fire/Air       0%         2x1d10    100%        6
 Starburst                Conj/Fire      0%         6d3       100%        6
 Infestation              Necr           0%         N/A       100%        8


Dungeon Overview and Level Annotations

Branches:
Dungeon (7/15)             Temple (1/1) D:5          Bailey (visited)

Altars:
Ashenzari
Cheibriados
Dithmenos
Elyvilon
Fedhas
Gozag
Hepliaklqana
Kikubaaqudgha
Makhleb
Nemelex Xobeh
Okawaru
Qazlal
Trog
Uskayaw
Wu Jian
Xom
Yredelemnul
Zin
The Shining One

Shops:
D:1 :   D:4 ?   D:7 ?


Innate Abilities, Weirdness & Mutations

You cannot wear most types of armour.
You are amphibious.
You can wear up to eight rings at the same time.
Your skin changes colour to match your surroundings (Stealth+).
Your rubbery body absorbs attacks. (AC +1, EV +1)
((You are camouflaged when in or above water. (Stealth+)))
You have tentacles for arms and can constrict up to eight enemies at once.


Message History

Something barely misses you.
You closely miss something. The centaur hits you. The centaur kicks you.
The orc wizard shouts!
You tentacle-slap the centaur but do no damage.
Your squeeze misses the centaur.
You hear a shout!
The centaur closely misses you.
The centaur kicks you but does no damage.
You block the orc's attack.
The orc complains loudly.
The orc misses you. Something hits you but does no damage. Something hits you.
You tentacle-slap the centaur but do no damage.
Your squeeze misses the centaur. You block the centaur's attack.
The centaur kicks you. You block the orc's attack. Something hits you.
The orc barely misses you. Something hits you. Something shocks you.
The centaur hits you.
* * * LOW HITPOINT WARNING * * *
The centaur kicks you.
* * * LOW HITPOINT WARNING * * *
You feel much better. You block the centaur's attack.
The centaur closely misses you. You block the orc wizard's attack.
The orc closely misses you. The orc barely misses you.
The orc priest looks satisfied for a moment.
Something hits you.
The orc wizard mumbles some strange words.
The orc wizard flickers and vanishes!
The orc closely misses you. Something hits you. Something shocks you.
You hear a shout!
Unknown command.
You fade into invisibility!
The centaur hits you.
* * * LOW HITPOINT WARNING * * *
The centaur barely misses you. The orc wizard casts a spell at you.
The magic dart hits you!
* * * LOW HITPOINT WARNING * * *
The orc hits you with a +0 hand axe.
* * * LOW HITPOINT WARNING * * *
The orc closely misses you. You block the orc's attack. Something hits you.
You die...

,,,,,,,,,,,,**,* *,,,,,,.......##
**,,,,,,,......#**.#****##...#..#
*,,,,>,,...#...##.# ##..###.#
*,**,****#........# ##..###..
*,,,,***##.o......# ##..#####
***,,,,,?.........# #########
**,,,****#.{....z..## #########
*,,*** #......oc..## ####....<.
*,** *#....o@)...###....##### *,*
#....o{o.#..#..######## ,,*
#........##...#########
,*********##..........###########
,**,,,,,,,......####### #########
,,,,*****###..>.* ######### *****
#....* ######### * #####* *


You could see a centaur (unable to see you), a wight (unable to see you), an orc
priest (unable to see you), an orc wizard (unable to see you) and 3 orcs.

Vanquished Creatures
  An orc knight (Bailey)
  Jeremiah (D:6)
  Prince Ribbit (D:5)
  Sigmund (D:2)
  A water moccasin (D:6)
  A black bear (D:6)
  6 orc warriors (Bailey)
  3 phantoms
  A kobold brigand (D:6)
  3 scorpions
  A bombardier beetle (D:5)
  A hound (D:6)
  2 gnoll boudas
  A jelly (D:6)
  Crazy Yiuf (D:2)
  Jessica (D:2)
  2 iguanas (D:5)
  2 sleepcaps (D:6)
  An orc wizard (D:7)
  9 gnolls
  9 adders
  A white imp (D:5)
  2 dart slugs
  2 ribbon worms
  24 orcs
  7 ball pythons
  3 endoplasms
  3 giant cockroaches
  4 goblins
  3 hobgoblins
  13 kobolds
  2 quokkas
  6 bats
  A frilled lizard (D:2)
  6 rats
126 creatures vanquished.

Notes
Turn   | Place    | Note
-------+----------+-------------------------------------------
     0 | D:1      | Dorkslayer the Octopode Fighter began the quest for the
                  | Orb.
     0 | D:1      | Reached XP level 1. HP: 16/16 MP: 1/1
   265 | D:1      | Found Giebeog's Vocational Training.
   326 | D:1      | Reached XP level 2. HP: 21/21 MP: 2/2
   826 | D:2      | Reached XP level 3. HP: 17/26 MP: 3/3
   961 | D:2      | Noticed Jessica
   964 | D:2      | Killed Jessica
   965 | D:2      | Reached skill level 1 in Stealth
  1068 | D:2      | Reached XP level 4. HP: 31/31 MP: 4/4
  1251 | D:2      | Reached skill level 3 in Unarmed Combat
  1405 | D:2      | Noticed Sigmund
  1417 | D:2      | Killed Sigmund
  1418 | D:2      | Reached skill level 4 in Unarmed Combat
  1418 | D:2      | Reached XP level 5. HP: 9/36 MP: 5/5
  1418 | D:2      | Reached XP level 6. HP: 11/42 MP: 6/6
  1549 | D:2      | Found a runed translucent door.
  1550 | D:2      | Noticed Crazy Yiuf
  1557 | D:2      | Killed Crazy Yiuf
  2120 | D:3      | Found a stormy altar of Qazlal.
  2185 | D:3      | Found a faded altar of an unknown god.
  2409 | D:3      | Found an opulent altar of Gozag.
  2719 | D:4      | Reached skill level 5 in Unarmed Combat
  2719 | D:4      | Reached skill level 1 in Evocations
  2719 | D:4      | Reached XP level 7. HP: 34/46 MP: 7/7
  2980 | D:4      | Found Zyar's Magic Scroll Emporium.
  2986 | D:4      | Bought a scroll of teleportation for 30 gold pieces
  2986 | D:4      | Bought a scroll of amnesia for 40 gold pieces
  2986 | D:4      | Bought a scroll of immolation for 40 gold pieces
  3101 | D:3      | Got the Spellbook of Carrion
  3128 | D:5      | Entered Level 5 of the Dungeon
  3179 | D:5      | Found a staircase to the Ecumenical Temple.
  3186 | D:5      | Noticed Prince Ribbit
  3195 | D:5      | Killed Prince Ribbit
  3196 | D:5      | Reached skill level 1 in Axes
  3196 | D:5      | Reached skill level 6 in Unarmed Combat
  3359 | Temple   | Entered the Ecumenical Temple
  3391 | Temple   | Became a worshipper of Dithmenos the Shadowed
  3525 | D:5      | Reached skill level 5 in Stealth
  3525 | D:5      | Reached XP level 8. HP: 54/54 MP: 8/8
  4020 | D:6      | Reached skill level 7 in Unarmed Combat
  4051 | D:6      | Found an iron altar of Okawaru.
  4351 | D:6      | Found a broken altar of Ashenzari.
  4415 | D:6      | Reached * piety under Dithmenos
  4424 | D:6      | Noticed Jeremiah
  4437 | D:6      | Killed Jeremiah
  4438 | D:6      | Reached skill level 8 in Unarmed Combat
  4438 | D:6      | Reached XP level 9. HP: 48/58 MP: 9/9
  4868 | D:7      | Found Jood's Magic Scroll Emporium.
  4884 | D:7      | Found a flagged portal.
  4888 | Bailey   | Entered a bailey
  5380 | Bailey   | Noticed an orc knight
  5388 | Bailey   | Killed an orc knight
  5389 | Bailey   | Reached skill level 9 in Unarmed Combat
  5507 | D:7      | HP: 2/59 [orc/+0 hand axe (5)]
  5507 | D:7      | Slain by an orc wizard

Illustrated notes

Levels and vault maps discovered:
D:1:      lightli_arrival_farm, layout_loops_cross, serial_park_tiny_pond,
          nicolae_shop_vocational
D:2:      minmay_wonky_spiral, layout_loops_corners, serial_bayou_lagoon_b,
          uniq_crazy_yiuf_cottage, uniq_jessica, uniq_sigmund
D:3:      layout_basic, nicolae_qazlal_scattered_showers,
          nicolae_overflow_hidden_temple, chequers_ecumenical_altar_lobes
D:4:      layout_cave_pools, serial_shops, nicolae_shop_waterfront
D:5:      layout_cave_pods, temple_fountains, uniq_prince_ribbit1
D:6:      layout_basic, mainiacjoe_overflow_divided_tiny, uniq_jeremiah
D:7:      layout_rooms, enter_bailey_2, serial_shops, shop,
          nicolae_shop_rolled_up, amcnicky_mini_corridor_feature
Temple:   regret_index_temple_waves

Skill      XL: |  1  2  3  4  5  6  7  8  9 |
---------------+----------------------------+-----
Stealth        | 1 2 3 5 6 7 |  7.1
Unarmed Combat | 4 5 6 8 9 |  9.4
Evocations     | 1 3 4 |  4.1
Axes           | 1 2 3 |  3.6
Dodging        | 4 |  4.3
Shields        | 4 |  4.4
Fighting       | 4 |  4.3
Throwing       | |  0.3

Action                     |  1- 3 |  4- 6 |  7- 9 || total
---------------------------+-------+-------+-------++-------
  Melee: Unarmed           |    34 |    72 |   160 ||   266
         Constrict         |    13 |    12 |    49 ||    74
         Tentacles         |     6 |    15 |    49 ||    70
         Punch             |     3 |     1 |    13 ||    17
  Throw: Throwing net      |       |       |     3 ||     3
  Evoke: Wand              |       |       |    14 ||    14
    Use: Scroll            |     2 |     9 |    11 ||    22
         Potion            |     1 |       |     7 ||     8
   Stab: Sleeping          |     5 |     7 |    17 ||    29
         Distracted        |       |     2 |       ||     2
         Invisible         |       |       |     3 ||     3
 Armour: Skin              |    14 |    24 |    86 ||   124
  Dodge: Dodged            |    23 |    29 |   103 ||   155
  Block: Buckler           |     6 |     7 |    46 ||    59

Table legend: (Time is in decaauts)
 A = Elapsed time spent in this place.
 B = Non-inter-level travel time spent in this place.
 C = Inter-level travel time spent in this place.
 D = Time resting spent in this place.
 E = Time spent auto-exploring this place.
 F = Levels seen in this place.
 G = Mean time per level.
                   A        B        C        D        E       F      G
               +--------+--------+--------+--------+--------+-----+--------+
         Total |   5495 |   5495 |      0 |    202 |   2807 |   9 |  610.6 |
       Dungeon |   4820 |   4820 |      0 |      0 |   2684 |   7 |  688.6 |
        Temple |     63 |     63 |      0 |      0 |      0 |   1 |   63.0 |
        Bailey |    611 |    611 |      0 |    202 |    123 |   1 |  611.0 |
               +--------+--------+--------+--------+--------+-----+--------+

Top non-repeatable levels by time:
     D:2: 1148 daAuts
     D:6: 1004 daAuts
     D:1: 753 daAuts
     D:3: 659 daAuts
     D:5: 658 daAuts
  Bailey: 611 daAuts
     D:4: 563 daAuts
  Temple: 63 daAuts
     D:7: 33 daAuts
